 Dungeon Crawl Stone Soup version 0.28.0-53-g5a82cb258f (webtiles) character file.

Game seed: 5900519845878617479

961 issech the Skirmisher (level 7, -6/62 HPs)
             Began as a Minotaur Monk on June 13, 2022.
             Mangled by Menkaure (20 damage)
             ... on level 5 of the Dungeon.
             The game lasted 00:16:55 (7242 turns).

issech the Skirmisher (Minotaur Monk)               Turns: 7242, Time: 00:16:56

Health: -6/62      AC:  7    Str: 15    XL:     7   Next: 92%
Magic:  6/6        EV: 11    Int: 13    God:
Gold:   243        SH:  0    Dex: 15    Spells: 6/6 levels left

rFire   . . .      SeeInvis .   z - +0 halberd
rCold   . . .      Faith    .   (shield currently unavailable)
rNeg    . . .      Spirit   .   l - +0 scale mail
rPois   .          Reflect  .   (helmet restricted)
rElec   .          Harm     .   (no cloak)
rCorr   .          Rampage  .   (no gloves)
Will    .....                   (no boots)
Stlth   +.........              x - amulet of the acrobat
HPRegen 0.20/turn               b - +6 ring of intelligence
MPRegen 0.10/turn               (no ring)

@: no status effects
A: horns 2, retaliatory headbutt
a: no special abilities


You were on level 5 of the Dungeon.
You visited 1 branch of the dungeon, and saw 6 of its levels.

You collected 243 gold pieces.

Inventory:

Hand Weapons
 a - a +0 hand axe
 e - a +0 rapier
 h - a +0 dagger of electrocution
 z - a +0 halberd (weapon)
 B - a +1 dagger of speed
 C - a +0 hunting sling
 I - a +0 flail
Missiles
 c - 129 bolts
 d - 227 stones
 n - 5 poisoned darts
 r - 83 arrows
 s - 11 boomerangs (quivered)
 E - 16 sling bullets
 K - a throwing net
Armour
 l - a +0 scale mail (worn)
Magical Staves
 o - a staff of earth
 A - a staff of cold
Jewellery
 b - a +6 ring of intelligence (left hand)
 x - an amulet of the acrobat (around neck)
Wands
 w - a wand of iceblast (6)
 F - a wand of flame (6)
Scrolls
 g - a scroll of fog {unknown}
 i - 3 scrolls of teleportation {unknown}
 j - 3 scrolls of noise {unknown}
 k - 2 scrolls of amnesia {unknown}
 q - a scroll of immolation {unknown}
 u - a scroll of torment {unknown}
 y - a scroll of enchant weapon {unknown}
 D - 2 scrolls of identify {unknown}
Potions
 f - 2 potions of lignification {unknown}
 m - 2 potions of invisibility {unknown}
 p - 3 potions of degeneration {unknown}
 t - 2 potions of flight {unknown}
 v - 2 potions of heal wounds {unknown}
 G - 2 potions of attraction {unknown}
 H - 3 potions of curing
 J - a potion of brilliance {unknown}
 L - a potion of berserk rage


   Skills:
 + Level 5.6 Fighting
 + Level 5.4 Short Blades
 + Level 4.4 Axes
 + Level 0.5 Throwing
 + Level 5.6 Armour
 + Level 4.8 Dodging
 + Level 2.0 Stealth


You had 6 spell levels left.
You didn't know any spells.
Your spell library contained the following spells:

 Spells                   Type           Power      Damage    Failure   Level
 Summon Small Mammal      Summ           0%         N/A       71%         1
 Call Canine Familiar     Summ           0%         N/A       97%         3
 Summon Guardian Golem    Hex/Summ       0%         N/A       97%         3
 Orb of Destruction       Conj           0%         9d5       100%        7
 Spellforged Servitor     Conj/Summ      0%         N/A       100%        7


Dungeon Overview and Level Annotations

Branches:
Dungeon (6/15)
 Temple: D:4-7

Altars:

Shops:
D:2 !

Annotations:
D:5 Menkaure


Innate Abilities, Weirdness & Mutations

You have a pair of horns on your head.
You reflexively headbutt those who attack you in melee.


Message History

The adder bites you. The adder barely misses you. You furiously retaliate!
You headbutt the adder. You miss the adder.
The adder is severely wounded.
The adder bites you but does no damage. x2
You miss the adder.
The adder is severely wounded.
The adder bites you but does no damage.
You puncture the adder!
You kill the adder!
You see here a +0 scale mail.
Okay, then.
Okay, then.
You now have 226 gold pieces (gained 8).
You now have 231 gold pieces (gained 5).
L - a potion of berserk rage
f - 2 lumpy ruby potions (gained 1)
There is an escape hatch in the ceiling here.
A mysterious force pulls you upwards. The hatch slams shut behind you.
There is a stone staircase leading down here.
You climb downwards.
Level annotation: Menkaure
There is a stone staircase leading up here.
You now have 243 gold pieces (gained 12).
v - 2 pink potions (gained 1)
Found an escape hatch in the floor.
Menkaure is nearby!
Menkaure shouts!
Menkaure calls on the powers of darkness!
Your body is wracked with pain!
Menkaure casts a spell at you. Pain shoots through your body!
Menkaure misses you.
You barely miss Menkaure.
You headbutt Menkaure, but do no damage.
Menkaure calls on the powers of darkness!
Your body is wracked with pain!
* * * LOW HITPOINT WARNING * * *
You hit Menkaure but do no damage. Menkaure hits you!!
You die...

##############
##.....##.....##
##.>............##
#...........@....#
#####............M......
....................>##.
#####...................
# #................#.. #
#................# . #
###..............##
##....#.....##.....##
......####### .###


You could see Menkaure.

Vanquished Creatures
  A black bear (D:6)
  2 ogres (D:6)
  A bullfrog (D:4)
  A centaur zombie (D:5)
  3 hounds
  A bullfrog skeleton (D:6)
  A centaur skeleton (D:4)
  A gnoll shaman (D:5)
  3 iguanas
  Ijyb (D:4)
  An orc wizard (D:3)
  A howler monkey zombie (D:6)
  9 adders
  7 gnolls
  A shadow imp (D:4)
  A white imp (D:5)
  2 ufetubi
  2 worms (D:2)
  4 dart slugs
  9 orcs
  5 endoplasms
  4 giant cockroaches
  15 goblins
  7 hobgoblins
  8 jackals
  4 quokkas
  5 ball pythons
  7 bats
  3 frilled lizards
  11 kobolds
  7 rats
128 creatures vanquished.

Notes
Turn   | Place    | Note
-------+----------+-------------------------------------------
     0 | D:1      | issech the Minotaur Monk began the quest for the Orb.
     0 | D:1      | Reached XP level 1. HP: 19/19 MP: 0/0
   392 | D:1      | Reached XP level 2. HP: 27/27 MP: 1/1
   717 | D:1      | Reached XP level 3. HP: 17/34 MP: 2/2
   881 | D:1      | Found a faded altar of an unknown god.
  1258 | D:2      | Reached skill level 1 in Short Blades
  1293 | D:2      | Reached XP level 4. HP: 41/41 MP: 3/3
  1594 | D:2      | Reached skill level 1 in Armour
  1805 | D:2      | Found Woaluic's Distillery.
  2663 | D:3      | Reached XP level 5. HP: 41/47 MP: 4/4
  4071 | D:4      | Noticed Ijyb
  4109 | D:4      | Killed Ijyb
  4535 | D:4      | Reached XP level 6. HP: 52/55 MP: 5/5
  4565 | D:4      | Reached skill level 5 in Fighting
  4585 | D:4      | You fall into a shaft and drop 2 floors!
  4592 | D:5      | Entered Level 5 of the Dungeon
  4592 | D:5      | Noticed Menkaure
  5519 | D:6      | Reached XP level 7. HP: 42/61 MP: 6/6
  5839 | D:6      | Reached skill level 5 in Armour
  5998 | D:4      | Reached skill level 5 in Short Blades
  7242 | D:5      | Mangled by Menkaure

Illustrated notes

Levels and vault maps discovered:
D:1:      dpeg_arrival_rooms_with_view, layout_loops_ring,
          basic_ecumenical_altar
D:2:      layout_rooms, serial_shops, nicolae_shop_stone
D:3:      kennysheep_goblin_castle, layout_basic,
          minmay_fractal_squares_diagonal_5
D:4:      layout_loops_ring, uniq_ijyb
D:5:      layout_rooms, minmay_temple_entry_drinking_statues, uniq_menkaure
D:6:      layout_basic

Skill      XL: |  1  2  3  4  5  6  7 |
---------------+----------------------+-----
Axes           | 4 |  4.4
Fighting       | 4 5 |  5.6
Short Blades   | 1 2 3 4 5 |  5.4
Armour         | 2 4 5 |  5.6
Stealth        | 2 |  2.0
Dodging        | 4 |  4.8
Throwing       | |  0.5

Action                   |  1- 3 |  4- 6 |  7- 9 || total
-------------------------+-------+-------+-------++-------
Melee: Hand axe          |    18 |       |       ||    18
       Headbutt          |     9 |    50 |    25 ||    84
       Rapier            |    69 |   128 |       ||   197
       Punch             |     2 |     6 |       ||     8
       Dagger            |       |   132 |    77 ||   209
       Halberd           |       |       |    24 ||    24
Throw: Stone             |     2 |       |       ||     2
       Boomerang         |       |     2 |     5 ||     7
 Stab: Sleeping          |     4 |       |       ||     4
Armor: Robe              |     6 |       |       ||     6
       Ring mail         |    31 |     4 |       ||    35
       Scale mail        |       |   104 |    28 ||   132
Dodge: Dodged            |    61 |   101 |    58 ||   220
